 Dungeon Crawl Stone Soup version 0.29.1-13-g9f3cf754e1 (webtiles) character file.

Game seed: 2742623684570912181

138157 Exodus22XD the Severer (level 16, -6/157 HPs)
             Began as a Minotaur Fighter on Feb 4, 2023.
             Was the Champion of the Shining One.
             Killed from afar by a starcursed mass (14 damage)
             ... with an accursed screaming
             ... while paralysed by accursed screaming
             ... on level 4 of the Abyss.
             The game lasted 01:17:35 (24074 turns).

Exodus22XD the Severer (Minotaur Fighter)          Turns: 24074, Time: 01:17:35

Health: -6/157     AC: 26    Str: 27    XL:     16   Next: 70%
Magic:  24/24      EV:  2    Int:  9    God:    the Shining One [******]
Gold:   2204       SH:  0    Dex: 15    Spells: 15/15 levels left

rFire   + . .      SeeInvis .   W - +7 battleaxe of Gokena {vorpal, Int+4}
rCold   . . .      Faith    .   (shield currently unavailable)
rNeg    + + +      Spirit   .   M - +2 plate armour {rF+}
rPois   .          Reflect  .   (helmet restricted)
rElec   .          Harm     .   v - +2 cloak {Stlth+}
rCorr   +          Rampage  .   c - +0 pair of gloves
Will    ++...                   Z - +0 pair of boots of the Valley of Death {Dex+3}
Stlth   ..........              s - amulet of regeneration
HPRegen 1.16/turn               V - ring of resist corrosion
MPRegen 0.19/turn               n - ring of willpower

@: paralysed, about to teleport, hasted, glowing, studying Fighting
A: horns 2, retaliatory headbutt
a: Renounce Religion, Divine Shield, Cleansing Flame, Summon Divine Warrior,
Brand Weapon With Holy Wrath


You were on level 4 of the Abyss.
You worshipped the Shining One.
The Shining One was exalted by your worship.
You visited 5 branches of the dungeon, and saw 22 of its levels.
You visited the Abyss 2 times.
You also visited: Volcano.

You collected 3030 gold pieces.
You spent 826 gold pieces at shops.

Inventory:

Hand Weapons
 e - a +2 morningstar of holy wrath
 x - a +0 broad axe
 z - a +2 demon trident of freezing
 N - a +0 battleaxe of flaming
 W - the +7 battleaxe of Gokena (weapon) {vorpal, Int+4}
   (You found it on level 4 of the Lair of Beasts)

   It inflicts extra damage upon your enemies.
   Int:       It affects your intelligence (+4).
Missiles
 h - 5 javelins (quivered)
Armour
 c - a +0 pair of gloves (worn)
 v - a +2 cloak of stealth (worn)
 C - a +1 chain mail of cold resistance
 H - a +0 kite shield
 M - a +2 plate armour of fire resistance (worn)
 R - +0 fire dragon scales
 Z - the +0 pair of boots of the Valley of Death (worn) {Dex+3}
   (You found it on level 1 of the Elven Halls)

   Dex:       It affects your dexterity (+3).
Jewellery
 m - a ring of willpower
 n - a ring of willpower (right hand)
 s - an amulet of regeneration (around neck)
 E - a ring of protection from fire
 F - a ring of flight
 I - an amulet of the acrobat
 S - a ring of ice
 V - a ring of resist corrosion (left hand)
Wands
 i - a wand of digging (2)
 j - a wand of mindburst (3)
 D - a wand of roots (6)
 Y - a wand of acid (2)
Scrolls
 a - 3 scrolls of magic mapping
 b - 3 scrolls of butterflies
 l - 4 scrolls of immolation
 r - 5 scrolls of teleportation
 t - 5 scrolls of enchant armour
 A - a scroll of silence
 J - 3 scrolls of poison
 L - 2 scrolls of fear
 P - a scroll of enchant weapon
 Q - 2 scrolls of summoning
 T - 2 scrolls of vulnerability
 U - a scroll of brand weapon
Potions
 d - 4 potions of might
 g - 4 potions of magic
 k - 2 potions of resistance
 o - a potion of curing
 p - 4 potions of lignification
 u - a potion of cancellation
 w - 2 potions of flight
 B - 3 potions of haste
 G - a potion of mutation {unknown}
 O - 2 potions of ambrosia {unknown}


   Skills:
 + Level 17.9 Fighting
 + Level 20.9(21.1) Axes
 + Level 3.6(14.2) Polearms
 + Level 16.3 Armour
 * Level 13.6 Shields
 * Level 12.5 Invocations
 + Level 0.5 Evocations


You had 15 spell levels left.
You didn't know any spells.
Your spell library was empty.

Dungeon Overview and Level Annotations

Branches:
Dungeon (12/15)            Temple (1/1) D:6            Lair (5/5) D:8
 Shoals (0/4) Lair:3       Spider (0/4) Lair:3        Slime (0/5) Lair:4
    Orc (2/2) D:12            Elf (2/3) Orc:2       Volcano (visited)

Altars:
Cheibriados
Dithmenos
Elyvilon
Fedhas
Gozag
Hepliaklqana
Kikubaaqudgha
Okawaru
Qazlal
Ru
Sif Muna
Trog
Vehumet
Wu Jian
Xom
Yredelemnul
Zin
The Shining One
Jiyva

Shops:
Orc:2 *[(   Elf:1 =

Annotations:
D:11 2 transporters, 3 runed translucent doors, mistmaker's ghost, journeyman TeAE
D:12 exclusion: ice statue
Lair:1 exclusion: oklob plant
Lair:2 exclusion: oklob plant
Orc:1 2 transporters, astronautguy's ghost, journeyman GrMo


Innate Abilities, Weirdness & Mutations

You have a pair of horns on your head.
You reflexively headbutt those who attack you in melee.


Message History

The spatial maelstrom hits you but does no damage.
A starcursed mass splits.
You hear a bark! x3
You slash the spatial maelstrom!
The spatial maelstrom is heavily damaged.
You hit the starcursed mass but do no damage.
You feel sick.
The dread lich casts a spell.
The spatial maelstrom hits you.
* * * LOW HITPOINT WARNING * * *
The spatial maelstrom barely misses you.
A chorus of shrieks assaults your mind.
* * * LOW HITPOINT WARNING * * *
A starcursed mass splits.
Okay, then.
Okay, then.
Okay, then.
Blink to where?
Press: ? - help, Dir - move target 4 raiju come into view.
As you read the scroll of blinking, it crumbles to dust.
You feel sick.
The raiju barks! x3; You hear a shout!
A deafening chorus of shrieks assaults your mind!
* * * LOW HITPOINT WARNING * * *
A starcursed mass splits. x2
You feel better.
A starcursed mass splits.
You feel yourself speed up.
You hit the starcursed mass. You headbutt the starcursed mass.
The starcursed mass is heavily damaged.
You hit the starcursed mass.
The starcursed mass shudders and is absorbed by its neighbour. x2
A starcursed mass splits.
A deafening chorus of shrieks assaults your mind!
* * * LOW HITPOINT WARNING * * *
You suddenly lose the ability to move!
The starcursed mass touches you but does no damage.
A spatial vortex comes into view.
A deafening chorus of shrieks assaults your mind!
You die...

. #.. . .# #.....#
#. # .. ##...
..2... .
##.##...#.2v..#..#
. . #
#...##X#v##... . #
#....L........
#.......X.v...
#....hXXh.....
#...*XX.h.....
#....@Xhh.....
######.######
##ยง. ..# ##


You could see 7 starcursed masses, a dread lich (fast, invisible), a hell beast
(summoned), a spatial maelstrom, a green death (summoned), 2 spatial vortices, 4
raiju, a hell hound and a lurking horror.

Vanquished Creatures
  Nikola (Elf:1)
  Rupert (Lair:4)
  3 tentacled starspawn (Abyss:4)
  Kirke (Lair:4)
  3 orc warlords
  A deep elf death mage (Elf:2)
  An ettin (Orc:2)
  A deep elf high priest (Elf:1)
  A spriggan zombie (Abyss:4)
  Harold (Orc:1)
  3 two-headed ogres
  4 hydras
  A catoblepas (Lair:4)
  23 dancing weapons
  5 thrashing horrors (Abyss:4)
  6 orc high priests (Orc:2)
  16 deep elf knights
  A spatial maelstrom (Abyss:4)
  12 deep elf archers
  4 orc knights
  2 wolf spiders (Lair:5)
  4 large abominations (Abyss:4)
  34 deep elf pyromancers
  18 deep elf zephyrmancers
  5 orc sorcerers
  3 ugly things
  A manticore (Lair:3)
  3 elephants (Lair:3)
  4 smoke demons
  8 black mambas
  A guardian serpent (Lair:5)
  A torpor snail (Lair:5)
  2 molten gargoyles (Volcano)
  12 cane toads
  A dire elephant skeleton (Abyss:4)
  2 unseen horror zombies (D:9)
  3 rime drakes
  2 hellwings (Abyss:4)
  9 komodo dragons
  4 red devils
  5 trolls
  2 ancient zymes (Abyss:4)
  6 raiju (Lair:5)
  10 polar bears
  3 hornets
  A wind drake (Lair:3)
  3 slime creatures (D:12)
  5 blink frogs (Lair:5)
  8 dream sheep (Lair:5)
  A spriggan (shapeshifter) (Elf:2)
  A vampire (D:12)
  18 wyverns
  Eustachio (D:4)
  3 water elementals
  32 yaks
  3 fire elementals
  3 shadows
  2 air elementals (Elf:2)
  2 ynoxinuls (Abyss:4)
  5 wraiths
  3 basilisks
  4 hogs (Lair:4)
  9 fire bats
  3 steam dragons
  A neqoxec (Abyss:4)
  5 redbacks
  7 wargs
  5 small abominations (Abyss:4)
  A harpy simulacrum (Abyss:4)
  13 hell hounds
  19 water moccasins
  2 acid dragons (D:11)
  35 orc warriors
  An ice beast (D:7)
  A sky beast (D:7)
  12 black bears
  11 ogres
  33 wolves
  4 centaurs
  3 phantoms
  3 kobold brigands
  A bullfrog (shapeshifter) (Elf:2)
  3 necrophages (D:9)
  2 earth elementals
  3 scorpions (D:4)
  12 bullfrogs
  2 gnoll sergeants
  5 wights
  7 killer bees
  2 howler monkeys (D:9)
  6 lava snakes (Volcano)
  3 jellies
  16 orc priests
  3 hounds
  A human zombie (D:9)
  5 iguanas
  20 orc wizards
  3 gnoll boudas
  5 hell rats (Lair:5)
  4 mummies (D:9)
  Robin (D:4)
  A howler monkey zombie (D:9)
  18 gnolls
  5 adders
  A white imp (D:6)
  3 ufetubi
  6 dart slugs
  84 orcs
  4 ball pythons
  5 endoplasms
  A giant cockroach (D:3)
  15 hobgoblins
  6 jackals
  23 kobolds
  3 quokkas
  3 frilled lizards
  17 goblins
  7 rats
  3 starspawn tentacles (Abyss:4)
806 creatures vanquished.

Vanquished Creatures (collateral kills)
  A bone dragon (Abyss:4)
  2 thrashing horrors (Abyss:4)
  A spriggan simulacrum (Abyss:4)
  An ancient zyme (Abyss:4)
  A raiju (Abyss:4)
6 creatures vanquished.

Vanquished Creatures (others)
  A hellion (Abyss:4)
  A flying skull (Abyss:4)
  A gnoll (D:7)
  40 fungi
  63 plants
  5 starspawn tentacles (Abyss:4)
111 creatures vanquished.

Grand Total: 923 creatures vanquished

Notes
Turn   | Place    | Note
-------+----------+-------------------------------------------
     0 | D:1      | Exodus22XD the Minotaur Fighter began the quest for the
                  | Orb.
     0 | D:1      | Reached XP level 1. HP: 19/19 MP: 0/0
   256 | D:1      | Reached XP level 2. HP: 27/27 MP: 1/1
   493 | D:1      | Reached XP level 3. HP: 30/33 MP: 2/2
   845 | D:2      | Noticed a phantom
   851 | D:2      | Killed a phantom
   852 | D:2      | Reached skill level 3 in Axes
   852 | D:2      | Reached XP level 4. HP: 41/41 MP: 3/3
  1526 | D:3      | Reached XP level 5. HP: 47/47 MP: 4/4
  1544 | D:3      | Reached skill level 4 in Axes
  1638 | D:3      | Reached skill level 5 in Armour
  1892 | D:3      | Found a faded altar of an unknown god.
  2206 | D:3      | Found an ornate altar of the Wu Jian Council.
  2314 | D:4      | Reached skill level 5 in Axes
  2314 | D:4      | Reached XP level 6. HP: 29/55 MP: 5/5
  2468 | D:4      | Reached skill level 5 in Fighting
  2865 | D:4      | Noticed Eustachio
  2883 | D:4      | Reached skill level 6 in Axes
  2894 | D:4      | Killed Eustachio
  2895 | D:4      | Reached skill level 5 in Shields
  2895 | D:4      | Reached XP level 7. HP: 8/61 MP: 6/6
  3547 | D:4      | Reached skill level 7 in Axes
  3746 | D:4      | Noticed Robin
  3752 | D:4      | Killed Robin
  4070 | D:4      | Found a white marble altar of Elyvilon.
  4089 | D:4      | Became a worshipper of Elyvilon the Healer
  4113 | D:5      | Entered Level 5 of the Dungeon
  4479 | D:5      | Found a glowing silver altar of Zin.
  4479 | D:5      | Noticed an angel
  4538 | D:5      | Reached XP level 8. HP: 64/70 MP: 7/7
  4843 | D:5      | Reached skill level 8 in Axes
  4878 | D:5      | Reached * piety under Elyvilon
  5545 | D:6      | Noticed a two-headed ogre
  5991 | D:6      | Found a staircase to the Ecumenical Temple.
  6124 | D:6      | Killed a two-headed ogre
  6125 | D:6      | Reached skill level 9 in Axes
  6125 | D:6      | Reached skill level 1 in Polearms
  6125 | D:6      | Reached XP level 9. HP: 78/78 MP: 8/8
  6266 | D:6      | Reached ** piety under Elyvilon
  6273 | D:6      | Reached skill level 10 in Axes
  6566 | Temple   | Entered the Ecumenical Temple
  6574 | Temple   | Fell from the grace of Elyvilon
  6574 | Temple   | Became a worshipper of the Shining One
  6634 | D:7      | Reached skill level 1 in Invocations
  6652 | D:7      | Reached * piety under the Shining One
  6689 | D:7      | Found a snail-covered altar of Cheibriados.
  6940 | D:7      | Found a shimmering blue altar of Sif Muna.
  6980 | D:7      | Found an opulent altar of Gozag.
  7248 | D:8      | Found a blossoming altar of Fedhas.
  7368 | D:8      | Reached skill level 11 in Axes
  7630 | D:8      | Found a staircase to the Lair.
  7644 | D:8      | Reached ** piety under the Shining One
  7944 | D:9      | Reached XP level 10. HP: 81/86 MP: 11/11
  8300 | D:9      | Found an ancient bone altar of Kikubaaqudgha.
  8324 | D:9      | Reached skill level 12 in Axes
  8423 | D:9      | Reached *** piety under the Shining One
  8724 | D:9      | Reached skill level 10 in Armour
  9161 | D:10     | Entered Level 10 of the Dungeon
  9202 | D:10     | Reached skill level 5 in Invocations
  9210 | D:10     | Reached skill level 13 in Axes
  9251 | D:10     | Reached XP level 11. HP: 67/95 MP: 13/13
  9471 | D:10     | Found a sacrificial altar of Ru.
 10346 | D:11     | Found a transporter.
 10376 | D:11     | Noticed a two-headed ogre
 10384 | D:11     | Killed a two-headed ogre
 10416 | D:11     | Found a radiant altar of Vehumet.
 10421 | D:11     | Identified the +8 short sword of Terul {vorpal, rF++ Dex+2}
 10614 | D:11     | Found a runed translucent gate.
 10615 | D:11     | Found a runed translucent gate.
 10616 | D:11     | Found a runed translucent gate.
 10616 | D:11     | Noticed mistmaker's ghost (journeyman TeAE)
 10628 | D:11     | Identified the +2 chain mail of Wasted Space {Dex+3 SInv}
 10722 | D:11     | Found a transporter.
 11011 | D:12     | Reached **** piety under the Shining One
 11122 | D:12     | Found a staircase to the Orcish Mines.
 11245 | D:12     | Noticed a two-headed ogre
 11249 | D:12     | Killed a two-headed ogre
 11295 | D:12     | Noticed a white ugly thing
 11310 | D:12     | Killed a white ugly thing
 11311 | D:12     | Reached skill level 14 in Axes
 11461 | D:12     | Noticed a red ugly thing
 11473 | D:12     | Killed a red ugly thing
 12098 | Lair:1   | Entered Level 1 of the Lair of Beasts
 12165 | Lair:1   | Reached skill level 10 in Fighting
 12401 | Lair:1   | Noticed an oklob plant
 12401 | Lair:1   | Found the +8 storm bow {elec, penet}
 12416 | Lair:1   | Reached XP level 12. HP: 79/106 MP: 16/16
 13016 | Lair:2   | Noticed a four-headed hydra
 13025 | Lair:2   | Killed a five-headed hydra
 13175 | Lair:2   | Noticed a five-headed hydra
 13189 | Lair:2   | Killed a five-headed hydra
 13190 | Lair:2   | Reached skill level 15 in Axes
 13353 | Lair:2   | Reached ***** piety under the Shining One
 13912 | Lair:3   | Noticed an eight-headed hydra
 13917 | Lair:3   | HP: 4/107 [eight-headed hydra (3)]
 13921 | Lair:3   | Killed an eight-headed hydra
 14241 | Lair:3   | Found a dark tunnel.
 14254 | Volcano  | Entered a volcano
 14441 | Volcano  | Found a radiant altar of Vehumet.
 14683 | Lair:3   | Found a hole to the Spider Nest.
 14826 | Lair:3   | Found a staircase to the Shoals.
 15056 | Lair:3   | Reached skill level 16 in Axes
 15470 | Lair:4   | Reached XP level 13. HP: 116/116 MP: 18/18
 15565 | Lair:4   | Noticed Kirke
 15579 | Lair:4   | Killed Kirke
 15838 | Lair:4   | Found a viscous altar of Jiyva.
 15838 | Lair:4   | Found a staircase to the Slime Pits.
 15867 | Lair:4   | Noticed Rupert
 15871 | Lair:4   | Paralysed by Rupert for 4 turns
 15886 | Lair:4   | Paralysed by Rupert for 4 turns
 15893 | Lair:4   | Killed Rupert
 16059 | Lair:4   | Identified the +7 battleaxe of Gokena {vorpal, Int+4}
 16310 | Lair:5   | Entered Level 5 of the Lair of Beasts
 16629 | Lair:5   | Reached skill level 17 in Axes
 17113 | Lair:5   | Reached ****** piety under the Shining One
 17122 | Lair:5   | Reached XP level 14. HP: 125/127 MP: 20/20
 17239 | Lair:5   | Reached skill level 10 in Shields
 17469 | Lair:5   | Reached skill level 10 in Invocations
 18649 | Orc:1    | Entered Level 1 of the Orcish Mines
 18649 | Orc:1    | Noticed Harold
 18712 | Orc:1    | Killed Harold
 18730 | Orc:1    | Found a transporter.
 18738 | Orc:1    | Noticed astronautguy's ghost (journeyman GrMo)
 18739 | Orc:1    | Found a bloodstained altar of Trog.
 18749 | Orc:1    | Found a transporter.
 18770 | Orc:1    | Noticed an orc warlord
 18775 | Orc:1    | Reached skill level 18 in Axes
 18789 | Orc:1    | Killed an orc warlord
 19141 | Orc:2    | Entered Level 2 of the Orcish Mines
 19141 | Orc:2    | Found Tagoefe's Antique Armour Shoppe.
 19184 | Orc:2    | Found a staircase to the Elven Halls.
 19205 | Orc:2    | Noticed an orc warlord
 19225 | Orc:1    | Killed an orc warlord
 19447 | Orc:2    | Found Mofiohul's General Store.
 19685 | Orc:2    | Noticed an orc warlord
 19787 | Abyss:4  | Cast into level 4 of the Abyss (orc warlord)
 19908 | Abyss:4  | Noticed a tentacled starspawn
 19916 | Abyss:4  | Killed a tentacled starspawn
 19936 | Abyss:4  | Noticed a tentacled starspawn
 19937 | Abyss:4  | Reached XP level 15. HP: 59/137 MP: 18/22
 19950 | Abyss:4  | Killed a tentacled starspawn
 19964 | Abyss:4  | Found a corrupted altar of Lugonu.
 19996 | Abyss:4  | Reached skill level 19 in Axes
 19997 | Abyss:4  | Noticed a bone dragon
 20006 | Abyss:4  | Killed a bone dragon
 20009 | Orc:2    | Escaped the Abyss
 20019 | Orc:2    | Killed an orc warlord
 20020 | Orc:2    | Reached skill level 15 in Armour
 20260 | Orc:2    | Found Jigefomu's Book Shoppe.
 20402 | Orc:2    | Found Luwotisch's Antique Weapon Shop.
 20803 | Orc:2    | Bought a scroll of acquirement for 728 gold pieces
 20803 | Orc:2    | Acquired a manual of Fighting
 20805 | Orc:2    | Bought a potion of curing for 42 gold pieces
 20805 | Orc:2    | Bought a potion of might for 56 gold pieces
 20821 | Elf:1    | Entered Level 1 of the Elven Halls
 21436 | Elf:1    | Identified the +0 pair of boots of the Valley of Death
                  | {Dex+3}
 21455 | Elf:1    | Identified the +2 robe of Incorporation {Slay+5}
 21496 | Elf:1    | Noticed Nikola
 21509 | Elf:1    | Killed Nikola
 21510 | Elf:1    | Reached skill level 15 in Fighting
 22107 | Elf:1    | Found Kaesu Tanu's Jewellery Shop.
 22128 | Elf:1    | Reached skill level 20 in Axes
 22337 | Elf:2    | Found a shimmering blue altar of Sif Muna.
 22338 | Elf:2    | Paralysed by an air elemental for 1 turns
 22475 | Elf:2    | Reached XP level 16. HP: 100/151 MP: 23/23
 22872 | Elf:2    | Found a huge runed translucent gate.
 22872 | Elf:2    | Found a huge runed translucent gate.
 22872 | Elf:2    | Found a huge runed translucent gate.
 22872 | Elf:2    | Found a huge runed translucent gate.
 22873 | Elf:2    | Found a huge runed translucent gate.
 23900 | Abyss:4  | Cast into level 4 of the Abyss (+1 double sword of
                  | distortion)
 23906 | Abyss:4  | Noticed a tentacled monstrosity
 24031 | Abyss:4  | Noticed a tentacled starspawn
 24038 | Abyss:4  | Killed a tentacled starspawn
 24051 | Abyss:4  | Noticed a dread lich
 24057 | Abyss:4  | Paralysed by a dread lich for 5 turns
 24073 | Abyss:4  | HP: 7/157 [starcursed mass/accursed screaming (15)]
 24073 | Abyss:4  | Paralysed by accursed screaming for 1 turns
 24074 | Abyss:4  | Killed from afar by a starcursed mass

Illustrated notes

Levels and vault maps discovered:
D:1:      grunt_arrival_crossed_arrows, layout_basic, serial_aquarium,
          aquarium_bridge_square [aquarium_subvault_wall,
          aquarium_subvault_bridge, aquarium_subvault_bridge,
          aquarium_subvault_bridge], aquarium_bridge_square
          [aquarium_subvault_window, aquarium_subvault_bridge,
          aquarium_subvault_bridge, aquarium_subvault_balcony],
          aquarium_window_1, aquarium_window_corridor_2, aquarium_window_fake,
          aquarium_window_1, aquarium_view_2d, aquarium_pool_2
D:2:      layout_loops_ring
D:3:      layout_basic, pf_just_have_faith, ebering_ecumenical_altar_box,
          minmay_goblin_outpost
D:4:      layout_loops_ring, mainiacjoe_overflow_six_doors_small,
          kennysheep_generic_room_11, uniq_robin, uniq_eustachio
D:5:      layout_gridville, zin_angel, grunt_decor_one_mirror
D:6:      layout_basic, minmay_temple_entry_slanted, minmay_unpleasant_kobolds
D:7:      layout_rooms, lemuel_round_altar, mainiacjoe_overflow_small_starburst,
          minmay_ruined_shrine
D:8:      layout_gridville, fedhas_altar_1, lair_entry_dummy
D:9:      layout_irregular_city, lemuel_mausoleum_altar_kikubaaqudgha,
          grunt_potential
D:10:     layout_loops_corners, nicolae_ru_great_annihilating_truth,
          special_room [special_room_orc]
D:11:     gammafunk_cloud_chamber, layout_gridville, biasface_ghost_orc_armoury,
          fiery_altar_vehumet
D:12:     lemuel_ice_statue, layout_loops_ring, minmay_orc_entry_temple_small
Temple:   nicolae_temple_two_arcs
Lair:1:   layout_long_grid, minmay_lair_oklob_items
Lair:2:   layout_cave_pods
Lair:3:   layout_roguey, minmay_shoals_entry_beasts, spider_nest_entry_webs,
          nicolae_volcano_entry_batcave, lemuel_old_faithful,
          serial_bayou_shore_a, infiniplex_staircase_pool, grunt_megastairs_1
Lair:4:   layout_gridlike, dpeg_slime_entry_corner, uniq_kirke, uniq_rupert
Lair:5:   hangedman_lair_tendril_chambers, layout_long_grid,
          hangedman_lair_caniforms_friends, serial_rivers,
          chequers_serial_rivers_large_a, chequers_serial_rivers_micro_d,
          chequers_serial_rivers_micro_a, chequers_serial_rivers_small_b,
          chequers_serial_rivers_small_a, eino_small_chamber_without_monster,
          lemuel_fruit_tree
Orc:1:    layout_diamond_mine, gammafunk_ghost_wrathful_warriors, rock_pile,
          uniq_harold
Orc:2:    grunt_orc_gardens, layout_diamond_mine, grunt_orc_garden,
          grunt_orc_garden, grunt_orc_garden, grunt_orc_garden
Elf:1:    minmay_elf_arrival_circle, layout_loops_corners, serial_shops,
          nicolae_shop_stone, hangedman_corner_corridor, uniq_nikola
Elf:2:    elven_hall_of_blades_hangedman_alternative
          [infiniplex_blade_entry_pillars], layout_gridlike, basic_altar,
          grunt_ministairs_13
Abyss:4:  base: D:9, hangedman_abyss_shoalhut, evilmike_abyss_exit_10,
          hangedman_decor_points, lemuel_flamethrower_hall, minivault_25,
          grunt_abyss_rune_wretched_hive, spicy_abyss_unhelpful_harpoons,
          evilmike_nicolae_abyss_rune_betentacled_crabyss, base: Crypt:2,
          kilobyte_mutagenic_chamber

Skill      XL: |  1  2  3  4  5  6  7  8  9 10 11 12 13 14 15 16 |
---------------+-------------------------------------------------+-----
Fighting       | 4 5 6 7 8 10 11 12 13 15 17 | 17.9
Armour         | 4 5 6 8 9 10 11 13 14 15 16 | 16.3
Shields        | 4 5 6 7 8 9 11 12 13 | 13.6
Axes           | 3 5 6 7 9 11 13 14 16 17 18 20 | 20.9
Polearms       | 1 2 3 |  3.6
Invocations    | 3 5 6 8 9 10 11 12 | 12.5
Evocations     | |  0.5

Action                   |  1- 3 |  4- 6 |  7- 9 | 10-12 | 13-15 | 16-18 || total
-------------------------+-------+-------+-------+-------+-------+-------++-------
Melee: War axe           |    37 |   150 |   242 |   357 |       |       ||   786
       Headbutt          |     6 |    30 |    42 |   165 |   228 |    52 ||   523
       Trident           |       |       |    15 |    29 |    12 |       ||    56
       Broad axe         |       |       |       |   231 |   402 |       ||   633
       Battleaxe         |       |       |       |       |   392 |   189 ||   581
Invok: Divine Shield     |       |       |       |     1 |     4 |     2 ||     7
       Cleansing Flame   |       |       |       |       |     4 |       ||     4
       Summon Divine War |       |       |       |       |     4 |       ||     4
Evoke: Wand              |       |       |       |     3 |     3 |       ||     6
  Use: Scroll            |       |     5 |     8 |     8 |    11 |     3 ||    35
       Potion            |       |     1 |     4 |     5 |    16 |     2 ||    28
 Stab: Invisible         |       |     1 |       |       |       |       ||     1
Armor: Scale mail        |    12 |    58 |    12 |       |       |       ||    82
       Chain mail        |       |       |    53 |   178 |       |       ||   231
       Plate armour      |       |       |    51 |   127 |   445 |   104 ||   727
Dodge: Dodged            |    18 |    74 |   118 |   217 |   268 |    53 ||   748
Block: Buckler           |    11 |    36 |    71 |   153 |   163 |       ||   434
       Other             |       |       |       |       |    11 |     7 ||    18
